 Dungeon Crawl Stone Soup version 0.20.1-1-g8b1a95d (webtiles) character file.

2928 Nachtmaan the Cleaver (level 9, -4/79 HPs)
             Began as a Minotaur Berserker on Oct 7, 2017.
             Was an Elder of Trog.
             Slain by an orc warrior
             ... wielding a cursed +0 glaive
              (18 damage)
             ... on level 7 of the Dungeon.
             The game lasted 00:50:53 (6751 turns).

Nachtmaan the Cleaver (Minotaur Berserker)          Turns: 6751, Time: 00:50:53

Health: -4/79      AC: 15    Str: 24    XL:     9   Next: 50%
Magic:  8/8        EV: 10    Int:  4    God:    Trog [****..]
Gold:   390        SH:  0    Dex: 11    Spells: 8/8 levels left

rFire    . . .     SeeInvis .   l - +1 war axe
rCold    . . .     Gourm    .   (no shield)
rNeg     . . .     Faith    .   g - +1 chain mail
rPois    .         Spirit   .   (helmet restricted)
rElec    .         Reflect  .   (no cloak)
rCorr    .         Harm     .   k - +0 pair of gloves
MR       .....                  (no boots)
Stlth    ..........             t - amulet of regeneration
Regen    0.7/turn               (no ring)
MPRegen  0.2/turn               (no ring)

@: no status effects
A: retaliatory headbutt, horns 2, thin metallic scales 1, sense surroundings 2
a: Berserk, Trog's Hand, Brothers in Arms, Burn Spellbooks, Renounce Religion


You were on level 7 of the Dungeon.
You worshipped Trog.
Trog was greatly pleased with you.
You were full.

You visited 1 branch of the dungeon, and saw 7 of its levels.

You collected 453 gold pieces.
You spent 63 gold pieces at shops.

Inventory:

Hand Weapons
 a - a +1 hand axe
 f - a +0 shortbow
 l - a +1 war axe (weapon)
 r - a +0 hunting sling
 x - the +4 Vampire's Tooth {vamp}
   (You found it on level 5 of the Dungeon)

   It inflicts no extra harm, but heals its wielder when it wounds a living foe.
Missiles
 b - 171 stones (quivered)
Armour
 g - a +1 chain mail (worn)
 j - a +0 large shield
 k - a +0 pair of gloves (worn)
Jewellery
 t - an amulet of regeneration (around neck)
Scrolls
 e - 2 scrolls of fog
 i - 3 scrolls of recharging
 n - 2 scrolls of random uselessness {unknown}
 q - 4 scrolls of teleportation
 s - 4 scrolls of identify
 v - a scroll of remove curse
Potions
 d - a potion of ambrosia {unknown}
 h - 3 potions of heal wounds
 p - a potion of brilliance
 u - a potion of invisibility {unknown}
 w - a potion of resistance
Comestibles
 c - 3 bread rations
 m - a royal jelly
 o - a meat ration


   Skills:
 + Level 7.5 Fighting
 + Level 10.3 Axes
 + Level 9.4 Armour
 + Level 5.1 Dodging
 + Level 1.0 Stealth


You had 8 spell levels left.
You didn't know any spells.

Dungeon Overview and Level Annotations

Branches:
Dungeon (7/15)
 Temple: D:4-7

Altars:
Cheibriados
Dithmenos
Elyvilon
Fedhas
Gozag
Hepliaklqana
Makhleb
Qazlal
Trog
Uskayaw
Vehumet
Yredelemnul

Shops:
D:6 (


Innate Abilities, Weirdness & Mutations

You reflexively headbutt those who attack you in melee.
You have a pair of horns on your head.
You are partially covered in thin metallic scales. (AC +2)
You passively map the area around you.


Message History

You headbutt the shadow imp!
The shadow imp is almost dead.
The shadow imp grins evilly.
The shadow imp hits you but does no damage.
You slash the shadow imp!
You kill the shadow imp!
Trog accepts your kill.
No target in view!
An orc warrior comes into view. It is wielding a glaive.
The orc warrior hits you from afar with a glaive!!
The orc warrior hits you with a glaive!!
You hit the orc warrior.
The orc warrior is moderately wounded.
The orc warrior hits you with a glaive!
* * * LOW HITPOINT WARNING * * *
You hit the orc warrior but do no damage.
You headbutt the orc warrior.
The orc warrior is moderately wounded.
The orc warrior hits you with a glaive!
You die...

.# , *** , .## * ## ., ,
..##### . . ,,.## , *
......# *#. . #.# ## ** ,
..###.####..#.,....., ,
.###..........##.#.* * *
* .# #..###......... , ,,
, .# #............o### *
** , .# #.####...#...@..#
, * .###.####...#..###.##
* ,** * .#.....##..##..#
#..# , ,
.#.....##..##..###..# * ,
#......##..##(......# ,
.#)........##(##.##.# *
..............(.....###*
#######.#####.#(.......,,
* #.#.....#..>#.... , *


You could see an orc warrior.

Vanquished Creatures
  Pikel (D:4)
  Grinder (D:4)
  A hippogriff (D:7)
  A slave (D:4)
  A sky beast (D:6)
  An ice beast (D:6)
  A phantom (D:3)
  A black bear (D:6)
  2 ogres (D:4)
  5 centaurs
  The ghost of Andry07 the Skirmisher, an amateur GrFi (D:3)
  A gnoll sergeant (D:6)
  A water moccasin skeleton (D:7)
  A scorpion (D:5)
  2 vampire bats (D:5)
  2 howler monkeys
  3 crimson imps
  A quasit (D:7)
  A bullfrog skeleton (D:7)
  3 hounds
  2 orc priests (D:4)
  A centaur skeleton (D:5)
  An orc wizard (D:5)
  2 iguanas
  3 worker ants
  A worker ant zombie (D:6)
  9 gnolls
  5 adders
  3 shadow imps
  2 oozes
  An adder skeleton (D:5)
  3 worms
  2 dart slugs
  3 leopard geckos
  13 orcs
  4 ball pythons
  14 bats
  4 giant cockroaches
  9 goblins
  8 hobgoblins
  7 jackals
  3 quokkas (D:5)
  2 frilled lizards
  7 kobolds
  A leopard gecko skeleton (D:4)
  10 rats
151 creatures vanquished.

Vanquished Creatures (others)
  An orc (D:4)
1 creature vanquished.

Grand Total: 152 creatures vanquished

Notes
Turn   | Place    | Note
-------+----------+-------------------------------------------
     0 | D:1      | Nachtmaan the Minotaur Berserker began the quest for the Orb.
     0 | D:1      | Reached XP level 1. HP: 19/19 MP: 0/0
   513 | D:1      | Reached XP level 2. HP: 20/27 MP: 1/1
  1603 | D:1      | Reached XP level 3. HP: 32/33 MP: 2/2
  1826 | D:2      | Reached skill level 4 in Axes
  1983 | D:2      | Reached ** piety under Trog
  2173 | D:2      | Gained mutation: You are partially covered in thin metallic scales. (AC +2) [potion of mutation]
  2173 | D:2      | Gained mutation: You passively map a small area around you. [potion of mutation]
  2173 | D:2      | Gained mutation: You passively map the area around you. [potion of mutation]
  2196 | D:2      | Reached XP level 4. HP: 41/41 MP: 3/3
  2385 | D:2      | Found a shadowy altar of Dithmenos.
  2576 | D:3      | Noticed Andry07's ghost (amateur GrFi)
  2593 | D:3      | Killed Andry07's ghost
  2593 | D:3      | Reached XP level 5. HP: 13/47 MP: 4/4
  2725 | D:3      | Noticed a phantom
  2763 | D:3      | Killed a phantom
  2763 | D:3      | Reached skill level 5 in Axes
  2763 | D:3      | Reached XP level 6. HP: 53/55 MP: 5/5
  3726 | D:3      | Found a radiant altar of Vehumet.
  3814 | D:4      | Reached skill level 5 in Fighting
  3814 | D:4      | Reached skill level 6 in Axes
  3915 | D:4      | Noticed Grinder
  3929 | D:4      | Killed Grinder
  3929 | D:4      | Reached skill level 5 in Armour
  3929 | D:4      | Reached XP level 7. HP: 49/61 MP: 6/6
  4075 | D:4      | Found a stormy altar of Qazlal.
  4331 | D:4      | Noticed Pikel
  4344 | D:4      | Killed Pikel
  4344 | D:4      | Reached skill level 8 in Axes
  4344 | D:4      | Reached XP level 8. HP: 70/70 MP: 7/7
  4517 | D:4      | Found a burning altar of Makhleb.
  4517 | D:4      | Found a white marble altar of Elyvilon.
  4522 | D:4      | Found a snail-covered altar of Cheibriados.
  4523 | D:4      | Found an opulent altar of Gozag.
  4523 | D:4      | Found a blossoming altar of Fedhas.
  4523 | D:4      | Found a bloodstained altar of Trog.
  4523 | D:4      | Found a shadowy altar of Dithmenos.
  4524 | D:4      | Found a stormy altar of Qazlal.
  4525 | D:4      | Found a hazy altar of Hepliaklqana.
  4526 | D:4      | Found a hide-covered altar of Uskayaw.
  4527 | D:4      | Found a basalt altar of Yredelemnul.
  4697 | D:4      | Reached *** piety under Trog
  4717 | D:5      | Entered Level 5 of the Dungeon
  5250 | D:5      | Reached skill level 1 in Stealth
  5738 | D:6      | Found Loupt's Antique Weapon Boutique.
  5770 | D:6      | Reached skill level 9 in Axes
  5828 | D:6      | Bought a war axe for 63 gold pieces
  5841 | D:6      | Reached XP level 9. HP: 65/78 MP: 8/8
  6402 | D:6      | Reached **** piety under Trog
  6607 | D:7      | Reached skill level 10 in Axes
  6607 | D:7      | Reached skill level 5 in Dodging
  6751 | D:7      | Slain by an orc warrior

Skill      XL: |  1  2  3  4  5  6  7  8  9 |
---------------+----------------------------+-----
Fighting       | 4 5 6 7 |  7.5
Axes           | 4 5 6 8 9 10 | 10.3
Dodging        | 3 4 5 |  5.1
Armour         | 3 4 5 6 8 9 |  9.4
Stealth        | 1 |  1.0

Action                   |  1- 3 |  4- 6 |  7- 9 || total
-------------------------+-------+-------+-------++-------
Melee: Hand axe          |    76 |    87 |   165 ||   328
       Headbutt          |    16 |    19 |    50 ||    85
       War axe           |       |       |    81 ||    81
Throw: Stone             |       |       |     1 ||     1
Invok: Trog's Hand       |       |     1 |       ||     1
       Berserk           |       |     1 |     5 ||     6
       Burn Spellbooks   |       |       |     1 ||     1
  Use: Scroll            |     5 |       |     5 ||    10
       Potion            |     5 |     1 |       ||     6
  Eat: Chunk             |     1 |       |     2 ||     3
       Bread ration      |     1 |     1 |       ||     2
       Royal jelly       |       |     1 |       ||     1
       Meat ration       |       |       |     3 ||     3
Armor: Animal skin       |     2 |       |       ||     2
       Scale mail        |    14 |       |       ||    14
       Ring mail         |     9 |    10 |       ||    19
       Chain mail        |       |    30 |   158 ||   188
Dodge: Dodged            |    58 |    29 |   140 ||   227
